 Dungeon Crawl Stone Soup version 0.18.1-48-g4cf74bf (webtiles) character file.

470 Joat the Covert (level 6, -3/28 HPs)
             Began as a Felid Monk on July 26, 2016.
             Was a Believer of Dithmenos.
             Slain by a wight
             ... wielding a +1 flail of freezing
              (8 damage)
             ... on level 7 of the Dungeon.
             The game lasted 01:11:28 (6579 turns).

Joat the Covert (Felid Monk)                        Turns: 6579, Time: 01:11:29

Health: -3/28      AC:  2    Str:  7    XL:     6   Next: 82%
Magic:  8/8        EV: 24    Int: 12    God:    Dithmenos [**....]
Gold:   286        SH:  0    Dex: 20    Spells: 0 memorised, 5 levels left
                                        Lives:  0   Deaths: 2

rFire  . . .     SeeInvis +       - Unarmed
rCold  . . .     Gourm    .     (armour unavailable)
rNeg   + . .     Faith    .     (shield unavailable)
rPois  .         Spirit   .     (helmet unavailable)
rElec  .         Dismiss  .     (cloak unavailable)
rCorr  .         Reflect  .     (gloves unavailable)
SustAt .         Harm     .     (boots unavailable)
MR     +....                    E - amulet of rage
Stlth  ++++++++..               D - ring of positive energy
                                p - ring of protection from magic

@: wreathed by umbra, drained, quick, somewhat resistant to hostile
enchantments, extraordinarily stealthy
A: no armour, no weapons or thrown items, claws 1, fangs 3, see invisible,
carnivore 3, speed 1, shaggy fur 2, slow metabolism 1, sharp paws
a: Shadow Step, Renounce Religion, Evoke Berserk Rage


You were on level 7 of the Dungeon.
You worshipped Dithmenos.
Dithmenos was pleased with you.
You were full.

You visited 2 branches of the dungeon, and saw 8 of its levels.

You collected 286 gold pieces.

Inventory:

Jewellery
 p - a ring of protection from magic (left paw)
 u - an uncursed ring of fire
 y - an uncursed ring of sustain attributes
 D - a ring of positive energy (right paw)
 E - an amulet of rage (around neck)
 H - an uncursed ring of positive energy
 K - an uncursed ring of resist corrosion
Wands
 w - a wand of enslavement (12/24)
Scrolls
 d - 6 scrolls of identify {unknown}
 g - a scroll of blinking {unknown}
 j - 3 scrolls of fear {unknown}
 l - 2 scrolls of recharging {unknown}
 m - a scroll of enchant weapon {unknown}
 n - 2 scrolls of random uselessness {unknown}
 o - 2 scrolls of amnesia {unknown}
 q - 2 scrolls of noise {unknown}
 s - 2 scrolls of magic mapping {unknown}
 v - a scroll of fog {unknown}
 x - 2 scrolls of teleportation {unknown}
 C - 2 scrolls of enchant armour {unknown}
 J - a scroll of vulnerability {unknown}
Potions
 b - 2 potions of brilliance {unknown}
 c - 2 potions of agility {unknown}
 e - a potion of might {unknown}
 f - 2 potions of haste {unknown}
 h - 6 potions of curing {unknown}
 i - a potion of magic {unknown}
 k - 2 potions of beneficial mutation {unknown}
 r - a potion of resistance
 t - 2 potions of heal wounds {unknown}
 z - 2 potions of mutation {unknown}
 A - a potion of lignification {unknown}
 G - a potion of flight {unknown}
Comestibles
 a - 2 meat rations
 B - a royal jelly
 F - 2 beef jerkies


   Skills:
 - Level 3.0(2.7) Fighting
 + Level 7.5(7.2) Dodging
 + Level 11.6(11.3) Stealth
 - Level 4.0(3.7) Unarmed Combat
 - Level 2.0(1.7) Invocations


You had 5 spell levels left.
You didn't know any spells.

Dungeon Overview and Level Annotations

Branches:
Dungeon (7/15)             Temple (1/1) D:4

Altars:
Ashenzari
Cheibriados
Dithmenos
Elyvilon
Fedhas
Kikubaaqudgha
Makhleb
Nemelex Xobeh
Okawaru
Pakellas
Qazlal
Ru
Sif Muna
Trog
Vehumet
Xom
Yredelemnul
Zin
The Shining One

Shops:
D:6 [

Annotations:
D:3 Natasha
D:7 Joseph


Innate Abilities, Weirdness & Mutations

You cannot wear armour.
You are incapable of wielding weapons or throwing items.
You have sharp claws.
You have razor-sharp teeth.
You have supernaturally acute eyesight.
You are carnivorous and can eat meat at any time.
You cover ground quickly.
You are covered in thick fur (AC +2).
You have a slow metabolism.
Your sharp claws are effective at attacking unaware monsters.


Message History

You closely miss the wight.
The wight is severely damaged.
The wight hits you with a flail of freezing.
* * * LOW HITPOINT WARNING * * *
You partially resist.
You feel drained.
* * * LOW HITPOINT WARNING * * *
The wight freezes you.
* * * LOW HITPOINT WARNING * * *
You are too injured to fight recklessly!
You are too injured to fight recklessly!
You are too injured to fight recklessly!
You are too injured to fight recklessly!
You are too injured to fight recklessly!
You closely miss the wight.
The wight is severely damaged.
The wight closely misses you.
You closely miss the wight.
The wight is severely damaged.
The wight hits you with a flail of freezing!
You die...

......)...........#.###
....).......#.....# #
............#(#.((#
..............#.....
...............#..###
...............##..# #
......##.......# .(# .#
......# .......###.##.#
......# ......zz@.....#
......# #....zz###..######
......# .......#...>......
(............#.#..############
.............#.#......%......#
.##......... #.#.###########.#
.# ....[... #.#.# ..##.# .#
........ #.#.# # #.##.# ##
##### #.# ####.#.##.#


You could see 4 wights.

Vanquished Creatures
  A water moccasin (D:5)
  Duvessa (D:6)
  A black bear (D:7)
  A sky beast (D:3)
  Blork the orc (D:5)
  A giant frog (D:6)
  Dowan (D:6)
  A wight (D:6)
  A howler monkey (D:4)
  2 crimson imps (D:6)
  A centaur zombie (D:5)
  3 hounds
  An orc priest (D:6)
  Natasha (twice) (D:3)
  An iguana (D:5)
  A worker ant (D:4)
  Terence (D:3)
  A worker ant zombie (D:5)
  4 adders
  3 gnolls
  An ooze (D:3)
  An adder zombie (D:6)
  An adder skeleton (D:6)
  3 worms
  3 dart slugs (D:1)
  5 giant geckos
  12 orcs
  6 giant cockroaches
  5 goblins
  5 hobgoblins
  11 kobolds
  4 quokkas
  3 ball pythons
  8 bats
  A giant newt (D:1)
  2 jackal skeletons
  8 rats
108 creatures vanquished.

Notes
Turn   | Place    | Note
--------------------------------------------------------------
     0 | D:1      | Joat the Felid Monk began the quest for the Orb.
     0 | D:1      | Reached XP level 1. HP: 10/10 MP: 2/2
   103 | D:1      | Reached skill level 3 in Stealth
   270 | D:1      | Reached XP level 2. HP: 8/14 MP: 3/3
  1275 | D:1      | Reached skill level 4 in Stealth
  1344 | D:1      | Reached XP level 3. HP: 15/17 MP: 4/4
  1453 | D:2      | Found a bloodstained altar of Trog.
  1609 | D:2      | Found a glowing golden altar of the Shining One.
  1878 | D:2      | Found a shadowy altar of Dithmenos.
  1886 | D:2      | Became a worshipper of Dithmenos the Shadowed
  1886 | D:2      | Reached * piety under Dithmenos
  1886 | D:2      | Reached ** piety under Dithmenos
  1944 | D:3      | Reached skill level 5 in Stealth
  2096 | D:3      | Noticed Terence
  2097 | D:3      | Found a shattered altar of Ashenzari.
  2121 | D:3      | Reached XP level 4. HP: 21/21 MP: 5/5
  2173 | D:3      | Killed Terence
  2177 | D:3      | Reached skill level 5 in Dodging
  2213 | D:3      | Noticed a sky beast
  2225 | D:3      | Killed a sky beast
  2225 | D:3      | Reached skill level 6 in Stealth
  2225 | D:3      | Reached XP level 5. HP: 19/24 MP: 1/6
  2310 | D:3      | Reached skill level 7 in Stealth
  2494 | D:3      | Noticed Natasha
  2517 | D:3      | Killed Natasha
  2638 | D:3      | Noticed Natasha
  2646 | D:3      | Killed Natasha
  2670 | D:3      | Noticed Natasha
  3041 | D:4      | Found a staircase to the Ecumenical Temple.
  3106 | D:4      | Gained mutation: You are covered in thick fur (AC +2). [Felid growth]
  3106 | D:4      | Reached XP level 6. HP: 28/28 MP: 7/7
  3190 | D:4      | Reached skill level 8 in Stealth
  3833 | Temple   | Entered the Ecumenical Temple
  4330 | D:5      | Entered Level 5 of the Dungeon
  4353 | D:5      | Noticed a water moccasin
  4359 | D:5      | Killed a water moccasin
  4359 | D:5      | Reached skill level 9 in Stealth
  4482 | D:5      | Reached XP level 7. HP: 26/31 MP: 8/8
  4643 | D:5      | Noticed Blork the orc
  4648 | D:5      | Slain by Blork the orc
  4649 | D:5      | Reached XP level 6. HP: -4/42 MP: 7/7
  4831 | D:5      | Killed Blork the orc
  4831 | D:5      | Reached skill level 1 in Invocations
  4846 | D:5      | Found a blossoming altar of Fedhas.
  4988 | D:5      | Found a deep blue altar of Sif Muna.
  4992 | D:5      | Found a snail-covered altar of Cheibriados.
  4996 | D:5      | Found a shimmering altar of Xom.
  5137 | D:5      | Found a bloodstained altar of Trog.
  5137 | D:5      | Found a white marble altar of Elyvilon.
  5164 | D:6      | Reached skill level 10 in Stealth
  5243 | D:6      | Noticed Duvessa
  5247 | D:6      | Noticed Dowan
  5250 | D:6      | Killed Duvessa
  5250 | D:6      | Reached XP level 7. HP: 31/31 MP: 9/9
  5252 | D:6      | Killed Dowan
  5601 | D:6      | Found Icamuun's Antique Armour Shop.
  5763 | D:6      | Reached skill level 11 in Stealth
  6498 | D:7      | Noticed Joseph
  6519 | D:7      | Shot with a sling bullet by Joseph
  6520 | D:7      | Reached XP level 6. HP: -10/28 MP: 8/8
  6579 | D:7      | Slain by a wight

Skill      XL: |  1  2  3  4  5  6  7 |
---------------+----------------------+-----
Stealth        | 3 4 5 6 7 10 11 | 11.6
Dodging        | 5 6 7 |  7.5
Invocations    | 1 2 |  2.0
Fighting       | |  3.0
Unarmed Combat | |  4.0

Action                   |  1- 3 |  4- 6 |  7- 9 || total
-------------------------+-------+-------+-------++-------
Melee: Unarmed           |    93 |   141 |    92 ||   326
       Bite              |     2 |    10 |    11 ||    23
       Punch             |     1 |     2 |     2 ||     5
Invok: Shadow Step       |       |     2 |     1 ||     3
  Use: Potion            |       |       |     1 ||     1
 Stab: Sleeping          |    17 |    17 |    11 ||    45
       Distracted        |       |     1 |     1 ||     2
  Eat: Chunk             |     9 |    13 |     4 ||    26
Armor: Skin              |     1 |     1 |       ||     2
Dodge: Dodged            |    62 |    98 |    88 ||   248
